 Dungeon Crawl Stone Soup version 0.19.5 (webtiles) character file.

2580 McKennaii the Thaumaturge (level 9, -12/46 HPs)
             Began as a Deep Elf Fire Elementalist on May 11, 2017.
             Was a Follower of Vehumet.
             Killed by the air
             ... invoked by Gastronok
              (33 damage)
             ... on level 8 of the Dungeon.
             The game lasted 00:13:36 (5745 turns).

McKennaii the Thaumaturge (DEFE)                    Turns: 5745, Time: 00:13:36

Health: -12/46     AC:  4    Str:  5    XL:     9   Next: 32%
Magic:  28/34      EV: 14    Int: 24    God:    Vehumet [*.....]
Gold:   368        SH:  0    Dex: 15    Spells: 5 memorised, 16 levels left

rFire  . . .     SeeInvis .     p - +3 quarterstaff (chaos)
rCold  . . .     Gourm    .     a - +0 robe
rNeg   + . .     Faith    .     (shield currently unavailable)
rPois  .         Spirit   .     (no helmet)
rElec  .         Reflect  .     q - +0 cloak
rCorr  .         Harm     .     y - +0 pair of gloves
MR     .....                    (no boots)
Stlth  +++.......               (no amulet)
                                z - ring of positive energy
                                e - ring of magical power

@: no status effects
A: no striking features
a: Renounce Religion


You were on level 8 of the Dungeon.
You worshipped Vehumet.
Vehumet was aware of your devotion.
You were not hungry.

You visited 2 branches of the dungeon, and saw 9 of its levels.
You also visited: Ossuary.

You collected 368 gold pieces.

Inventory:

Hand Weapons
 p - a +3 quarterstaff of chaos (weapon)
Armour
 a - a +0 robe (worn)
 q - a +0 cloak (worn)
 y - a +0 pair of gloves (worn)
Jewellery
 e - a ring of magical power (left hand)
 s - an uncursed ring of ice
 z - a ring of positive energy (right hand)
 F - an uncursed ring of resist corrosion {unknown}
 J - a +5 ring of slaying {unknown}
Scrolls
 g - 3 scrolls of teleportation {unknown}
 h - 5 scrolls of remove curse {unknown}
 i - 5 scrolls of identify {unknown}
 j - 3 scrolls of immolation {unknown}
 n - 2 scrolls of magic mapping {unknown}
 u - 3 scrolls of enchant weapon {unknown}
 v - 2 scrolls of blinking {unknown}
 w - a scroll of amnesia {unknown}
 A - a scroll of fear {unknown}
 D - a scroll of recharging {unknown}
 E - a scroll of noise {unknown}
 G - 2 scrolls of enchant armour {unknown}
Potions
 k - a potion of magic {unknown}
 l - a potion of flight {unknown}
 m - 2 potions of resistance {unknown}
 o - 3 potions of curing {unknown}
 x - 4 potions of might {unknown}
 B - a potion of heal wounds {unknown}
 C - a potion of invisibility {unknown}
 H - a potion of lignification {unknown}
 I - a potion of brilliance {unknown}
Books
 b - a book of Flames

   Spells                             Type                      Level
   a - Flame Tongue                   Conjuration/Fire             1
   b - Throw Flame                    Conjuration/Fire             2
   c - Conjure Flame                  Conjuration/Fire             3
   d - Inner Flame                    Hexes/Fire                   3
   e - Sticky Flame                   Conjuration/Fire             4
   f - Fireball                       Conjuration/Fire             5
 K - a book of Necromancy

   Spells                             Type                      Level
   a - Pain                           Necromancy                   1
   b - Animate Skeleton               Necromancy                   1
   c - Vampiric Draining              Necromancy                   3
   d - Regeneration                   Charms/Necromancy            3
   e - Animate Dead                   Necromancy                   4
   f - Control Undead                 Necromancy                   4
Comestibles
 c - 3 bread rations
 d - 2 fruits
 f - 2 slices of pizza
 r - 2 meat rations
 t - a beef jerky


   Skills:
 + Level 0.4 Fighting
 + Level 4.2 Dodging
 + Level 4.3 Stealth
 + Level 10.2 Spellcasting
 + Level 7.6 Conjurations
 + Level 7.6 Fire Magic


You had 16 spell levels left.
You knew the following spells:

 Your Spells              Type           Power        Failure   Level  Hunger
a - Flame Tongue          Conj/Fire      #####        1%          1    None
b - Throw Flame           Conj/Fire      #####.       1%          2    None
c - Conjure Flame         Conj/Fire      #####...     1%          3    None
d - Sandblast             Erth           ##....       6%          1    None
f - Fireball              Conj/Fire      #####.....   8%          5    ####...


Dungeon Overview and Level Annotations

Branches:
Dungeon (8/15)             Temple (1/1) D:6
   Lair: D:8-11

Altars:
Ashenzari
Cheibriados
Dithmenos
Fedhas
Gozag
Hepliaklqana
Kikubaaqudgha
Makhleb
Nemelex Xobeh
Okawaru
Qazlal
Ru
Sif Muna
Trog
Uskayaw
Vehumet
Xom
Yredelemnul
Zin
The Shining One

Annotations:
D:8 Gastronok, Joseph


Message History

Casting: Throw Flame
Confirm with . or Enter, or press ? or * to list all spells.
Aiming: Throw Flame
Press: ? - help, Shift-Dir - straight line, f/p - deep elf mage
Aim: a deep elf mage, wielding a long sword and wearing a leather armour The puff of flame hits the deep elf mage.
The deep elf mage is moderately wounded.
The deep elf mage gestures wildly while chanting.
The deep elf mage blinks!
Casting: Throw Flame
Confirm with . or Enter, or press ? or * to list all spells.
Aiming: Throw Flame
Press: ? - help, Shift-Dir - straight line, f - Gastronok
Aim: Gastronok, wearing a hat The puff of flame hits Gastronok.
Gastronok is lightly wounded.
Gastronok waves his eye-stalks in wide circles.
The air twists around and strikes you!
Ouch! That really hurt!
You die... #####.... oo.

.#.###......#.. ...
....h....†<..# o...
...#..........#
...o.####...#..........#
.....#......#...n......#
.................@..P#
#..............P...#
#.@..............P#
#.........#....z...P.#
####.....## ##......
##....w.. ..##... ..#
##. ..#


You could see Gastronok, an orc priest (wandering), an orc wizard (wandering)
and 2 orcs.

Vanquished Creatures
  Grinder (D:5)
  A wraith (Ossuary)
  Edmund (D:5)
  Menkaure (D:5)
  A sky beast (D:5)
  An orc warrior (D:7)
  2 ogres
  A phantom (D:4)
  3 centaurs
  A big kobold (D:7)
  A bullfrog (D:6)
  5 scorpions
  A howler monkey (D:6)
  4 wights
  An electric eel (D:7)
  A bullfrog zombie (D:6)
  A hound (D:4)
  2 jellies (D:5)
  A centaur skeleton (D:4)
  An orc priest (D:4)
  Crazy Yiuf (D:2)
  4 iguanas
  3 orc wizards
  Ijyb (D:2)
  3 worker ants
  A hound skeleton (D:4)
  A mummy (Ossuary)
  2 worker ant zombies
  5 adders
  2 shadow imps (D:7)
  An ooze (D:3)
  An adder skeleton (D:4)
  A worm (D:5)
  2 dart slugs
  3 leopard geckos
  13 orcs
  5 giant cockroaches
  6 hobgoblins
  4 jackals (D:1)
  5 kobolds
  A quokka (D:6)
  9 bats
  4 frilled lizards
  8 gnoll skeletons (Ossuary)
  6 goblins (D:1)
  6 kobold skeletons (Ossuary)
  2 leopard gecko skeletons (D:5)
  11 orc skeletons (Ossuary)
  A quokka skeleton (D:4)
  4 rats
147 creatures vanquished.

Vanquished Creatures (others)
  5 toadstools (D:1)
5 creatures vanquished.

Grand Total: 152 creatures vanquished

Notes
Turn   | Place    | Note
-------+----------+-------------------------------------------
     0 | D:1      | McKennaii the Deep Elf Fire Elementalist began the quest for the Orb.
     0 | D:1      | Reached XP level 1. HP: 10/10 MP: 6/6
   226 | D:1      | Reached XP level 2. HP: 11/15 MP: 5/8
   466 | D:1      | Reached XP level 3. HP: 16/19 MP: 1/9
   598 | D:1      | Learned a level 2 spell: Throw Flame
   602 | D:1      | Learned a level 3 spell: Conjure Flame
   698 | D:2      | Noticed Ijyb
   764 | D:2      | Killed Ijyb
   901 | D:2      | Noticed a hand axe
   902 | D:2      | Found a hide-covered altar of Uskayaw.
   903 | D:2      | Noticed a hand axe
   943 | D:2      | Found a runed door.
  1076 | D:2      | Found a deep blue altar of Sif Muna.
  1141 | D:2      | Noticed Crazy Yiuf
  1162 | D:2      | Killed Crazy Yiuf
  1162 | D:2      | Reached XP level 4. HP: 24/24 MP: 1/11
  1367 | D:3      | Found a shadowy altar of Dithmenos.
  1382 | D:3      | Reached skill level 4 in Spellcasting
  1796 | D:4      | Reached XP level 5. HP: 28/28 MP: 13/13
  1882 | D:4      | Found a basalt altar of Yredelemnul.
  2112 | D:4      | Noticed a phantom
  2127 | D:4      | Killed a phantom
  2127 | D:4      | Reached skill level 5 in Spellcasting
  2127 | D:4      | Reached XP level 6. HP: 9/32 MP: 7/16
  2227 | D:4      | Learned a level 5 spell: Fireball
  2380 | D:4      | Reached skill level 5 in Fire Magic
  2400 | D:4      | Reached skill level 6 in Spellcasting
  2428 | D:4      | Reached XP level 7. HP: 31/36 MP: 13/18
  2611 | D:5      | Entered Level 5 of the Dungeon
  2705 | D:5      | Reached skill level 5 in Conjurations
  2820 | D:5      | Noticed Edmund
  2827 | D:5      | Killed Edmund
  2827 | D:5      | Reached skill level 7 in Spellcasting
  2900 | D:5      | Reached XP level 8. HP: 29/41 MP: 16/21
  3086 | D:5      | Noticed Grinder
  3096 | D:5      | Killed Grinder
  3096 | D:5      | Reached skill level 8 in Spellcasting
  3193 | D:5      | Noticed Menkaure
  3437 | D:5      | Found an ancient bone altar of Kikubaaqudgha.
  3437 | D:5      | Found a sparkling altar of Nemelex Xobeh.
  3562 | D:5      | Killed Menkaure
  3914 | D:6      | Found a staircase to the Ecumenical Temple.
  3986 | D:6      | Reached skill level 9 in Spellcasting
  4149 | D:6      | Found a sacrificial altar of Ru.
  4420 | Temple   | Entered the Ecumenical Temple
  4454 | Temple   | Became a worshipper of Vehumet
  4662 | D:7      | Reached XP level 9. HP: 45/45 MP: 7/24
  4952 | D:7      | Found a sand-covered staircase.
  5037 | Ossuary  | Entered an ossuary
  5279 | Ossuary  | Reached * piety under Vehumet
  5279 | Ossuary  | Offered knowledge of Sandblast by Vehumet.
  5282 | Ossuary  | Learned a level 1 spell: Sandblast
  5566 | D:7      | Reached skill level 10 in Spellcasting
  5667 | D:8      | Noticed Joseph
  5742 | D:8      | Noticed Gastronok
  5742 | D:8      | Noticed a deep elf mage
  5745 | D:8      | Killed from afar by Gastronok

Skill      XL: |  1  2  3  4  5  6  7  8  9 |
---------------+----------------------------+-----
Dodging        | 3 4 |  4.2
Stealth        | 3 4 |  4.3
Fire Magic     | 4 5 6 7 |  7.6
Conjurations   | 2 3 4 5 7 |  7.6
Spellcasting   | 4 5 6 7 9 10 | 10.2
Fighting       | |  0.4

Action                   |  1- 3 |  4- 6 |  7- 9 || total
-------------------------+-------+-------+-------++-------
Melee: Unarmed           |     3 |       |       ||     3
 Cast: Flame Tongue      |    64 |    82 |   163 ||   309
       Conjure Flame     |     2 |     1 |     2 ||     5
       Throw Flame       |     1 |     8 |    45 ||    54
       Fireball          |       |       |    16 ||    16
  Eat: Chunk             |       |     5 |    10 ||    15
       Beef jerky        |       |       |     2 ||     2
Armor: Robe              |    17 |     6 |     6 ||    29
Dodge: Dodged            |    30 |    22 |    35 ||    87
